 Dungeon Crawl Stone Soup version 0.24.0-125-gc4c63601f3 (webtiles) character file.

Game seed: 5321439314942366924, levelgen mode: deterministic

3245 Martska the Spear-Bearer (level 9, -5/71 HPs)
             Began as a Merfolk Ice Elementalist on Feb 25, 2020.
             Slain by a two-headed ogre
             ... wielding a +1 antimagic dire flail
              (11 damage)
             ... on level 8 of the Dungeon.
             The game lasted 00:34:45 (13358 turns).

Martska the Spear-Bearer (MfIE)                    Turns: 13358, Time: 00:34:45

Health: -5/71      AC: 13    Str:  9    XL:     9   Next: 99%
Magic:  0/15       EV: 17    Int: 14    God:
Gold:   316        SH:  0    Dex: 17    Spells: 8/16 levels left

rFire    . . .     SeeInvis .   j - +0 spear
rCold    . . .     Gourm    .   (no shield)
rNeg     . . .     Faith    .   g - +1 leather armour
rPois    .         Spirit   .   (no helmet)
rElec    .         Reflect  .   y - +0 cloak
rCorr    .         Harm     .   B - +0 pair of gloves
MR       .....                  (no boots)
Stlth    +++.......             (no amulet)
HPRegen  0.21/turn              x - +1 ring of evasion
MPRegen  0.14/turn              Q - ring of stealth

@: icy armour, very slightly contaminated
A: change form in water, swift swim, stealthy swim
a: no special abilities


You were on level 8 of the Dungeon.
You were not hungry.

You visited 2 branches of the dungeon, and saw 9 of its levels.

You collected 442 gold pieces.
You spent 126 gold pieces at shops.

Inventory:

Hand Weapons
 b - a +0 glaive
 i - a +0 club
 j - a +0 spear (weapon)
Missiles
 s - a throwing net (quivered)
Armour
 a - a +0 robe
 g - a +1 leather armour (worn)
 y - a +0 cloak (worn)
 B - a +0 pair of gloves (worn)
 K - the cursed +1 scale mail "Elov" {rC+ rCorr Int+8 Dex-4, unknown}
   (You found it on level 6 of the Dungeon)

   It affects your intelligence (+8).
   It affects your dexterity (-4).
   It protects you from cold.
   It provides partial protection from all sources of acid and corrosion.
   It has a curse placed upon it.
Jewellery
 k - an uncursed ring of flight
 o - an uncursed ring of see invisible
 t - an uncursed ring of positive energy
 x - a +1 ring of evasion (left hand)
 A - an uncursed ring of protection from cold
 O - a +5 ring of strength
 P - an uncursed amulet of inaccuracy
 Q - a ring of stealth (right hand)
Wands
 f - a wand of scattershot (3)
 J - a wand of digging (7)
 M - a wand of acid (8)
Scrolls
 l - 3 scrolls of enchant armour
 m - 4 scrolls of remove curse
 n - a scroll of fog
 p - a scroll of random uselessness
 q - 3 scrolls of amnesia
 v - 2 scrolls of magic mapping {unknown}
 C - a scroll of noise {unknown}
 D - 3 scrolls of immolation {unknown}
 F - 4 scrolls of fear {unknown}
 H - 4 scrolls of identify
 S - a scroll of teleportation
Potions
 e - a potion of berserk rage
 h - a potion of invisibility
 r - a potion of might {unknown}
 u - a potion of curing {unknown}
 w - a potion of mutation {unknown}
 z - a potion of flight {unknown}
 E - a potion of lignification {unknown}
 G - a potion of degeneration {unknown}
 I - 2 potions of heal wounds {unknown}
 L - a potion of cancellation {unknown}
 N - a potion of agility {unknown}
Comestibles
 c - 4 rations


   Skills:
 * Level 6.9 Fighting
 * Level 8.6 Polearms
 + Level 3.1 Armour
 + Level 6.5 Dodging
 - Level 2.1 Stealth
 - Level 4.0 Spellcasting
 - Level 0.7 Conjurations
 + Level 4.6 Charms
 + Level 5.9 Ice Magic
 + Level 3.2 Evocations


You had 8 spell levels left.
You knew the following spells:

 Your Spells              Type           Power        Failure   Level  Hunger
a - Freeze                Ice            ###.         2%          1    None
b - Ozocubu's Armour      Chrm/Ice       ###.....     9%          3    ###....
c - Throw Icicle          Conj/Ice       ##......     54%         4    ####...

Your spell library contained the following spells:

 Spells                   Type           Power        Failure   Level  Hunger
 Throw Frost              Conj/Ice       ##....       10%         2    ##.....
 Ensorcelled Hibernation  Hex/Ice        ##....       12%         2    ##.....
 Corona                   Hex            #......      26%         1    None
 Dazzling Spray           Conj/Hex       #.....       56%         3    ###....
 Confuse                  Hex            #.......     61%         3    ###....
 Tukima's Dance           Hex            #.......     61%         3    ###....
 Summon Ice Beast         Ice/Summ       ##......     61%         4    ####...


Dungeon Overview and Level Annotations

Branches:
Dungeon (8/15)             Temple (1/1) D:6
   Lair: D:8-11

Altars:
Ashenzari
Cheibriados
Dithmenos
Elyvilon
Fedhas
Gozag
Hepliaklqana
Kikubaaqudgha
Makhleb
Okawaru
Qazlal
Ru
Sif Muna
Trog
Uskayaw
Vehumet
Wu Jian
Xom
Yredelemnul
Zin

Shops:
D:8 =}

Annotations:
D:3 Sigmund
D:5 Duvessa, Eustachio
D:8 Harold


Message History

Aiming: Disintegrate
Press: ? - help, Shift-Dir - straight line, f/p - two-headed ogre
Aim: a two-headed ogre, wielding a +1 antimagic dire flail and a +0 giant club (heavily wounded, chance to defeat MR: 63%)
The two-headed ogre is blasted!!
The now-empty wand crumbles to dust.
Casting: Freeze (safe; 2% risk of failure)
Confirm with . or Enter, or press ? or * to list all spells.
Aiming: Freeze (safe; 2% risk of failure)
Press: ? - help, Shift-Dir - straight line, f/p - two-headed ogre
Aim: a two-headed ogre, wielding a +1 antimagic dire flail and a +0 giant club (almost dead)
You freeze the two-headed ogre.
The two-headed ogre is almost dead.
The two-headed ogre hits you with a +1 antimagic dire flail!
* * * LOW HITPOINT WARNING * * *
The two-headed ogre hits you but does no damage.
You hit the two-headed ogre.
The two-headed ogre is almost dead.
The two-headed ogre hits you with a +1 antimagic dire flail!
* * * LOW HITPOINT WARNING * * *
The two-headed ogre hits you with a +0 giant club!
You die...

#############
#>..........(
#.O..........
#########@########...
#..........#
#..........#
#..........#
#..........#
#..........###
###..........####
#..............
#.........(########.


You could see a two-headed ogre.

Vanquished Creatures
  A hippogriff (D:8)
  A hungry ghost (D:7)
  4 sky beasts
  A black bear (D:6)
  An ice beast (D:6)
  An orc warrior (D:6)
  An ogre (D:7)
  A crocodile (D:8)
  3 centaurs
  3 bullfrogs
  Blork the orc (D:6)
  A gnoll sergeant (D:7)
  2 wyvern skeletons
  A scorpion (D:7)
  Dowan (D:5)
  A wight (D:7)
  A howler monkey (D:4)
  4 crimson imps
  6 hounds
  A jelly (D:6)
  2 centaur skeletons
  6 orc priests
  4 orc wizards
  7 worker ants
  3 hound skeletons
  8 gnolls
  2 worker ant zombies
  9 adders
  A howler monkey skeleton (D:4)
  A river rat (D:5)
  2 shadow imps (D:6)
  An ooze (D:4)
  2 adder zombies
  An adder skeleton (D:7)
  A worm (D:5)
  2 dart slugs
  8 leopard geckos
  18 orcs
  12 bats
  20 giant cockroaches
  7 goblins
  9 hobgoblins
  8 jackals
  12 kobolds
  3 quokkas
  A ball python (D:5)
  2 frilled lizards (D:2)
  A leopard gecko skeleton (D:4)
  A quokka skeleton (D:8)
  11 rats
201 creatures vanquished.

Vanquished Creatures (others)
  A gnoll (D:6)
1 creature vanquished.

Grand Total: 202 creatures vanquished

Notes
Turn   | Place    | Note
-------+----------+-------------------------------------------
     0 | D:1      | Martska the Merfolk Ice Elementalist began the quest for
                  | the Orb.
     0 | D:1      | Reached XP level 1. HP: 13/13 MP: 3/3
   480 | D:1      | Reached skill level 1 in Fighting
   480 | D:1      | Reached XP level 2. HP: 14/21 MP: 0/5
  1483 | D:1      | Reached XP level 3. HP: 26/26 MP: 6/6
  2246 | D:1      | Reached skill level 1 in Polearms
  2565 | D:2      | Reached XP level 4. HP: 32/33 MP: 2/7
  2637 | D:2      | Learned a level 3 spell: Ozocubu's Armour
  3614 | D:3      | Reached skill level 1 in Charms
  3699 | D:3      | Reached XP level 5. HP: 25/39 MP: 0/8
  3901 | D:3      | Reached skill level 2 in Polearms
  4227 | D:3      | Found a stormy altar of Qazlal.
  4228 | D:3      | Noticed Sigmund
  4262 | D:3      | Found an iron altar of Okawaru.
  4265 | D:3      | Found a sacrificial altar of Ru.
  4330 | D:4      | Learned a level 4 spell: Throw Icicle
  4868 | D:4      | Reached XP level 6. HP: 45/46 MP: 10/10
  4894 | D:4      | Reached skill level 3 in Polearms
  5317 | D:4      | Reached skill level 1 in Armour
  5648 | D:5      | Entered Level 5 of the Dungeon
  5696 | D:5      | Noticed Duvessa
  5736 | D:5      | Found a shimmering altar of Xom.
  5736 | D:5      | Found a shimmering altar of Xom.
  5738 | D:5      | Found a shimmering altar of Xom.
  5738 | D:5      | Found a shimmering altar of Xom.
  5740 | D:5      | Found a shimmering altar of Xom.
  5740 | D:5      | Found a shimmering altar of Xom.
  5968 | D:6      | HP: 2/47 [wyvern skeleton (10)]
  6360 | D:6      | Reached XP level 7. HP: 39/52 MP: 1/11
  6490 | D:5      | Reached skill level 4 in Polearms
  6508 | D:5      | Noticed Eustachio
  6534 | D:5      | Noticed Dowan
  6625 | D:5      | Killed Dowan
  7178 | D:5      | Found a shimmering altar of Xom.
  8054 | D:6      | Reached skill level 5 in Polearms
  8171 | D:6      | Found a staircase to the Ecumenical Temple.
  8180 | Temple   | Entered the Ecumenical Temple
  8411 | D:6      | Reached XP level 8. HP: 61/61 MP: 9/13
  8476 | D:6      | Noticed Blork the orc
  8485 | D:6      | Killed Blork the orc
  8498 | D:6      | Got an encrusted scale mail
  9170 | D:7      | Reached skill level 1 in Evocations
  9446 | D:6      | Reached skill level 5 in Dodging
  9668 | D:6      | Reached skill level 6 in Polearms
  9773 | D:6      | Reached skill level 5 in Fighting
 10302 | D:7      | Reached skill level 5 in Ice Magic
 10746 | D:7      | Reached XP level 9. HP: 49/68 MP: 4/14
 10898 | D:6      | Reached skill level 7 in Polearms
 12062 | D:8      | Found Xairett's Gadget Boutique.
 12069 | D:8      | Bought a wand of disintegration (5) for 126 gold pieces
 12224 | D:8      | Reached skill level 8 in Polearms
 12379 | D:8      | Found a glowing silver altar of Zin.
 13302 | D:8      | Noticed Harold
 13319 | D:8      | Found Nuufoyn's Jewellery Boutique.
 13338 | D:8      | Noticed a two-headed ogre
 13358 | D:8      | Slain by a two-headed ogre

Levels and vault maps discovered:
D:1:      dpeg_arrival_signposts, layout_basic, hex_intersection,
          minmay_quantized
D:2:      layout_basic, item_on_display_a
D:3:      minmay_roachtagon, layout_rooms, nicolae_overflow_hidden_temple,
          kennysheep_generic_room_11, uniq_sigmund
D:4:      layout_basic
D:5:      layout_basic, nicolae_xom_altar_mimics, first_ration,
          portal_sewer_entry_b, uniq_eustachio, uniq_duvessa
D:6:      layout_loops_corners, minmay_temple_entry_junction,
          small_statue_intersection, minmay_holes, grunt_ministairs_5,
          uniq_blork_the_orc
D:7:      minmay_the_grid_square_5x5_3x3 [minmay_the_grid_square_5x5_n_small,
          minmay_the_grid_square_5x5_z, minmay_the_grid_square_5x5_gyroscope,
          minmay_the_grid_square_5x5_fat_x,
          minmay_the_grid_square_5x5_megaprize_hollow,
          minmay_the_grid_square_5x5_hollow_slash,
          minmay_the_grid_square_5x5_checkered_statues,
          minmay_the_grid_square_5x5_inset,
          minmay_the_grid_square_5x5_spiral_small], layout_cave_pools
D:8:      layout_basic, basic_altar, serial_shops, nicolae_shop_crystal, shop,
          uniq_harold
Temple:   regret_index_temple_sphere_string

Skill      XL: |  1  2  3  4  5  6  7  8  9 |
---------------+----------------------------+-----
Fighting       | 1 2 3 4 5 6 |  6.9
Dodging        | 3 4 5 6 |  6.5
Polearms       | 1 2 3 5 6 8 |  8.6
Charms         | 1 2 3 4 |  4.6
Ice Magic      | 4 5 |  5.9
Armour         | 1 2 3 |  3.1
Spellcasting   | 3 4 |  4.0
Evocations     | 1 3 |  3.2
Stealth        | |  2.1
Conjurations   | |  0.7

Action                   |  1- 3 |  4- 6 |  7- 9 || total
-------------------------+-------+-------+-------++-------
Melee: Unarmed           |    63 |       |       ||    63
       Spear             |    38 |   178 |   392 ||   608
       Club              |     1 |       |       ||     1
       Tailslap          |       |       |     2 ||     2
Throw: Throwing net      |       |       |     1 ||     1
 Cast: Freeze            |    47 |   103 |   269 ||   419
       Ozocubu's Armour  |       |     1 |    11 ||    12
Evoke: Wand              |       |       |     8 ||     8
  Use: Scroll            |       |     5 |     9 ||    14
 Stab: Sleeping          |     3 |     2 |     6 ||    11
  Eat: Chunk             |     3 |     7 |     7 ||    17
       Ration            |     1 |     2 |     8 ||    11
Armor: Robe              |    30 |       |       ||    30
       Leather armour    |    13 |    72 |   183 ||   268
Dodge: Dodged            |   151 |   234 |   550 ||   935
